 Dungeon Crawl Stone Soup version 0.31.0-11-ge490571c62 (webtiles) character file.

Game seed: 18206369927313399687

469 dave1331 the Trooper (level 7, -4/60 HPs)
             Began as a Hill Orc Fighter on Jan 28, 2024.
             Slain by an ogre
             ... wielding a +0 giant club
              (8 damage)
             ... on level 5 of the Dungeon.
             The game lasted 00:14:27 (3697 turns).

dave1331 the Trooper (Hill Orc Fighter)             Turns: 3697, Time: 00:14:27

Health: -4/60      AC: 12    Str: 27    XL:     7   Next: 9%
Magic:  7/7        EV: 10    Int:  8    God:
Gold:   102        SH:  4    Dex: 10    Spells: 6/6 levels left

rFire   + . .        a - +0 rapier
rCold   . . .        c - +0 buckler
rNeg    + . .        j - +4 scale mail {rF+}
rPois   .            (no helmet)
rElec   .            (no cloak)
rCorr   .            r - +0 pair of gloves
SInv    .            (no boots)
Will    .....        e - amulet of regeneration Stlth
                     q - +6 ring of strength
HPRegen 1.10/turn    m - ring of positive energy
MPRegen 0.10/turn

%: no passive effects
@: mighty
A: no striking features
a: no special abilities


You were on level 5 of the Dungeon.
You visited 1 branch of the dungeon, and saw 5 of its levels.

You collected 214 gold pieces.
You spent 112 gold pieces at shops.

Inventory:

Hand Weapons
 a - a +0 rapier (weapon)
Armour
 b - a +0 scale mail
 c - a +0 buckler (worn)
 j - a +4 scale mail of fire resistance (worn)
 r - a +0 pair of gloves (worn)
Jewellery
 e - an amulet of regeneration (around neck)
 l - a ring of protection from cold
 m - a ring of positive energy (right hand)
 q - a +6 ring of strength (left hand)
Wands
 g - a wand of roots (13)
Scrolls
 f - a scroll of blinking
 h - 4 scrolls of noise
 k - 2 scrolls of vulnerability
 o - a scroll of fog
 t - a scroll of identify
Potions
 i - a potion of ambrosia
 u - a potion of magic {unknown}


   Skills:
 + Level 4.9 Fighting
 + Level 4.3 Short Blades
 + Level 2.8 Throwing
 + Level 4.6 Armour
 + Level 1.0 Dodging
 + Level 0.3 Stealth
 + Level 3.8 Shields


You had 6 spell levels left.
You didn't know any spells.
Your spell library was empty.

Dungeon Overview and Level Annotations

Branches:
Dungeon (5/15)             Temple (0/1) D:4

Altars:
Ashenzari
Ru

Shops:
D:4 [   D:5 =


Message History

The ogre hits you with a +0 giant club! The sleepcap barely misses you.
You feel better. The sleepcap barely misses you.
You feel much better.
The ogre hits you with a +0 giant club!!
The sleepcap releases spores at you!
You hit the sleepcap.
The sleepcap is severely damaged.
You block the sleepcap's attack.
You hit the sleepcap but do no damage.
The sleepcap is severely damaged.
The ogre barely misses you. The sleepcap closely misses you.
You hit the sleepcap.
The sleepcap is almost destroyed.
The ogre closely misses you. You block the sleepcap's attack.
You hit the sleepcap but do no damage.
The sleepcap is almost destroyed.
The sleepcap releases spores at you but does no damage.
You hit the sleepcap.
The sleepcap is almost destroyed.
The ogre barely misses you. The sleepcap releases spores at you.
You hit the sleepcap.
The sleepcap is almost destroyed.
The ogre closely misses you. The sleepcap barely misses you.
You hit the sleepcap but do no damage.
The sleepcap is almost destroyed.
The sleepcap releases spores at you.
You hit the sleepcap but do no damage.
The sleepcap is almost destroyed.
The ogre barely misses you. You block the sleepcap's attack.
You hit the sleepcap.
You destroy the sleepcap!
The ogre barely misses you.
The ogre hits you with a +0 giant club!!
* * * LOW HITPOINT WARNING * * *
You hear a bark!
You hit the ogre.
The ogre is lightly wounded.
You feel very mighty all of a sudden. The ogre hits you with a +0 giant club!
You die...

#........ .... .§.....#
##......# ###(..##..§...#
#....... ..........∩..#
#....... ....(....)§..#
##.......
.............####........
....<...... #...........
..$......#####.#..#......
.....>.O@##......##.<....
............###.##.......
.........########........
##..#####.........#######
... .######### .. ## .


You could see an ogre.

Vanquished Creatures
  A scorpion (D:5)
  A howler monkey (D:4)
  A sleepcap (D:5)
  Jessica (D:2)
  Ijyb (D:3)
  Natasha (twice) (D:2)
  3 orc wizards (D:5)
  Terence (D:2)
  3 gnolls (D:4)
  4 adders
  2 dart slugs
  3 ribbon worms
  10 orcs
  5 ball pythons
  4 bats
  5 endoplasms
  A giant cockroach (D:3)
  8 goblins
  6 hobgoblins
  2 jackals (D:2)
  A quokka (D:2)
  2 frilled lizards (D:2)
  3 kobolds
  3 rats
  A spectral kobold (D:1)
74 creatures vanquished.

Notes
Turn   | Place    | Note
-------+----------+-------------------------------------------
     0 | D:1      | dave1331 the Hill Orc Fighter began the quest for the Orb.
     0 | D:1      | Reached XP level 1. HP: 19/19 MP: 1/1
    21 | D:1      | Found a faded altar of an unknown god.
   163 | D:1      | Reached XP level 2. HP: 19/27 MP: 2/2
  1014 | D:2      | Reached XP level 3. HP: 22/33 MP: 3/3
  1061 | D:2      | Noticed Terence
  1078 | D:2      | Killed Terence
  1125 | D:2      | Noticed Jessica
  1132 | D:2      | Killed Jessica
  1133 | D:2      | Reached XP level 4. HP: 40/40 MP: 4/4
  1172 | D:2      | Found a broken altar of Ashenzari.
  1214 | D:2      | Noticed Natasha
  1220 | D:2      | Killed Natasha
  1312 | D:2      | Noticed Natasha
  1325 | D:2      | Killed Natasha
  1326 | D:2      | Reached skill level 1 in Throwing
  1326 | D:2      | Reached XP level 5. HP: 42/46 MP: 5/5
  2362 | D:3      | Noticed Ijyb
  2384 | D:3      | Killed Ijyb
  2739 | D:4      | Reached XP level 6. HP: 49/53 MP: 6/6
  2910 | D:4      | Found Ytaisisy's Antique Armour Boutique.
  2914 | D:4      | Bought a pair of gloves for 112 gold pieces
  3126 | D:4      | Found a sacrificial altar of Ru.
  3400 | D:4      | Found a staircase to the Ecumenical Temple.
  3453 | D:5      | Entered Level 5 of the Dungeon
  3638 | D:5      | Reached skill level 1 in Dodging
  3638 | D:5      | Reached XP level 7. HP: 60/60 MP: 7/7
  3669 | D:5      | Found Yrer Rya's Jewellery Boutique.
  3695 | D:5      | HP: 1/60 [ogre/+0 giant club (29)]
  3697 | D:5      | Slain by an ogre

Illustrated notes

Levels and vault maps discovered:
D:1:      lemuel_arrival_river_bridge, layout_loops_corners,
          dreamdust_ecumenical_altar_drowned_temple
D:2:      layout_loops_ring, basic_altar, amethyst_killhole,
          serial_bayou_crossing, uniq_natasha, uniq_jessica, uniq_terence
D:3:      layout_basic, uniq_ijyb
D:4:      layout_loops_cross, mainiacjoe_overflow_paths,
          minmay_temple_entry_poolview, serial_shops, shop,
          nicolae_elevator_lobby_asterisk
D:5:      layout_rooms, ebering_ghost_rock_garden, serial_shops,
          nicolae_shop_getting_attention, gup_sewer_entry_spiral, uniq_menkaure,
          uniq_prince_ribbit1, uniq_pikel

Skill      XL: |  1  2  3  4  5  6 |
---------------+-------------------+-----
Fighting       | 4 |  4.9
Armour         | 4 |  4.6
Short Blades   | 3 4 |  4.3
Throwing       | 1 2 |  2.8
Dodging        | 1 |  1.0
Stealth        | |  0.3
Shields        | |  3.8

Action                     |  1- 3 |  4- 6 |  7- 9 || total
---------------------------+-------+-------+-------++-------
  Melee: Rapier            |    90 |   277 |    22 ||   389
  Throw: Dart              |    15 |   103 |     3 ||   121
    Use: Scroll            |     4 |     5 |       ||     9
         Potion            |       |     2 |     3 ||     5
 Armour: Scale mail        |    50 |   216 |    14 ||   280
  Dodge: Dodged            |    37 |   104 |    16 ||   157
  Block: Buckler           |     9 |    44 |     6 ||    59
